 Dungeon Crawl Stone Soup version 0.28-a0-1504-g839a4452db (webtiles) character file.

Game seed: 9161475696974067859

189 Glokmah the Sneak (level 5, 0/40 HPs)
             Began as a Merfolk Brigand on Jan 13, 2022.
             Was a Believer of Zin.
             Killed by divine providence
             ... invoked by an orc priest
              (15 damage)
             ... on level 4 of the Dungeon.
             The game lasted 00:07:04 (3636 turns).

Glokmah the Sneak (Merfolk Brigand)                 Turns: 3636, Time: 00:07:05

Health: 0/40       AC:  8    Str: 11    XL:     5   Next: 68%
Magic:  5/5        EV: 12    Int: 11    God:    Zin [**....]
Gold:   101        SH:  0    Dex: 17    Spells: 4/4 levels left

rFire   . . .      SeeInvis .   a - +3 dagger
rCold   . . .      Faith    .   (no shield)
rNeg    . . .      Spirit   .   b - +0 robe
rPois   .          Reflect  .   (no helmet)
rElec   .          Harm     .   j - scarf {+Inv}
rCorr   .          Rampage  .   g - +0 pair of gloves
Will    +....                   m - +0 pair of boots
Stlth   +++.......              (no amulet)
HPRegen 0.13/turn               n - ring of willpower
MPRegen 0.09/turn               q - +4 ring of protection

@: no status effects
A: (nimble swimmer 2), mertail
a: Renounce Religion, Evoke Invisibility, Recite, Vitalisation, Donate Gold


You were on level 4 of the Dungeon.
You worshipped Zin.
Zin was pleased with you.
You visited 1 branch of the dungeon, and saw 4 of its levels.

You collected 155 gold pieces.
You donated 54 gold pieces to Zin.

Inventory:

Hand Weapons
 a - a +3 dagger (weapon)
Missiles
 d - 6 poisoned darts (quivered)
 e - 2 curare-tipped darts
 p - 6 boomerangs
Armour
 b - a +0 robe (worn)
 c - a +0 cloak
 g - a +0 pair of gloves (worn)
 j - a scarf of invisibility (worn)
 m - a +0 pair of boots (worn)
Jewellery
 n - a ring of willpower (left hand)
 q - a +4 ring of protection (right hand)
Potions
 f - a potion of lignification {unknown}
 i - 2 potions of haste
 k - 2 potions of invisibility
 l - a potion of curing
 o - 2 potions of brilliance


   Skills:
 + Level 2.9 Fighting
 * Level 4.0 Short Blades
 + Level 2.7 Throwing
 - Level 1.3 Dodging
 * Level 6.1 Stealth
 + Level 0.1 Invocations
 - Level 1.2 Evocations


You had 4 spell levels left.
You didn't know any spells.
Your spell library contained the following spells:

 Spells                   Type           Power      Damage    Failure   Level
 Ignite Poison            Fire/Tmut/Pois 0%         N/A       71%         3
 Mephitic Cloud           Conj/Pois/Air  0%         N/A       71%         3
 Stone Arrow              Conj/Erth      0%         3d7       71%         3
 Animate Armour           Summ/Erth      0%         N/A       98%         4
 Freezing Cloud           Conj/Ice/Air   0%         6-21      100%        5
 Lehudib's Crystal Spear  Conj/Erth      0%         10d2      100%        8


Dungeon Overview and Level Annotations

Branches:
Dungeon (4/15)
 Temple: D:4-7

Altars:
Zin


Innate Abilities, Weirdness & Mutations

((You are very nimble when in or above water. (Stealth+, EV+, Speed+++)))
Your lower body shifts to a powerful aquatic tail in water.


Message History

The black bear claws you.
Throw: 8 darts (poison)
Press: ? - help, Q - select action, (/) - cycle Shift-Dir - straight line, f/p - black bear
Aim: a black bear (lightly wounded, poisoned, 69% to hit)
You throw a poisoned dart. The poisoned dart hits the black bear.
The black bear looks even sicker.
The black bear is lightly wounded.
The black bear closely misses you.
The black bear claws you but does no damage.
The black bear claws you.
Unknown command.
The black bear misses you.
The black bear claws you but does no damage.
The black bear barely misses you.
You see here a +0 leather armour.
Okay, then.
Okay, then.
An orc priest comes into view. It is wielding a +0 short sword.
The orc priest shouts!
You see here 2 poisoned darts.
The black bear bites you. The black bear completely misses you.
The black bear claws you but does no damage.
You see here a poisoned dart.
You see here a poisoned dart.
The black bear looks more healthy.
The orc priest invokes the aid of Beogh against you.
Beogh smites you!
You see here a poisoned dart.
Throw: 7 darts (poison)
Press: ? - help, Q - select action, (/) - cycle Shift-Dir - straight line, f/p - black bear
Aim: a black bear (heavily wounded, 69% to hit)
You throw a poisoned dart. The poisoned dart hits the black bear!
The black bear is poisoned.
The black bear is heavily wounded.
The black bear bites you but does no damage.
The black bear claws you but does no damage.
The black bear claws you.
The orc priest mumbles some strange prayers to Beogh against you.
Beogh smites you!
You die...

#.## #.# #.)# #.# #..#
#.# #########..# ##.##
........†..###...##
#.####.....).......###..
#.......................
####.#[######.##.######
# #..(@h(o(##.##
###########..#
##.#...♣#♣####♣.♣
.....♣.....♣#...#
#.##.........♣.♣#
....♣.......♣.....#
..............♣.♣..#
#..♣.......♣......+
#...........♣.♣..#


You could see a black bear (very poisoned) and an orc priest.

Vanquished Creatures
  An orc wizard (D:3)
  6 gnolls
  4 adders
  7 orcs
  8 ball pythons
  4 bats
  2 endoplasms (D:1)
  4 giant cockroaches
  3 goblins (D:1)
  4 hobgoblins
  4 jackals (D:3)
  4 quokkas
  5 frilled lizards
  3 kobolds
  5 rats
64 creatures vanquished.

Vanquished Creatures (others)
  A plant (D:4)
1 creature vanquished.

Grand Total: 65 creatures vanquished

Notes
Turn   | Place    | Note
-------+----------+-------------------------------------------
     0 | D:1      | Glokmah the Merfolk Brigand began the quest for the Orb.
     0 | D:1      | Reached XP level 1. HP: 16/16 MP: 1/1
    66 | D:1      | Reached XP level 2. HP: 22/22 MP: 2/2
    70 | D:1      | Reached skill level 5 in Stealth
   106 | D:1      | Found a faded altar of an unknown god.
   423 | D:1      | Reached XP level 3. HP: 18/27 MP: 3/3
   909 | D:2      | Found a glowing silver altar of Zin.
   917 | D:2      | Became a worshipper of Zin the Law-Giver
  1071 | D:2      | Reached XP level 4. HP: 34/34 MP: 4/4
  2093 | D:3      | Reached skill level 1 in Evocations
  2168 | D:3      | Donated 26 gold pieces to Zin
  2169 | D:3      | Donated 13 gold pieces to Zin
  2439 | D:3      | Reached XP level 5. HP: 14/39 MP: 5/5
  2851 | D:3      | Reached skill level 6 in Stealth
  3094 | D:3      | Reached * piety under Zin
  3587 | D:4      | Reached ** piety under Zin
  3597 | D:4      | Noticed a black bear
  3636 | D:4      | Killed from afar by an orc priest

Illustrated notes

Levels and vault maps discovered:
D:1:      lemuel_arrival_hallway, layout_rooms,
          chequers_ecumenical_altar_simple_redux, amcnicky_mini_corridor_feature
D:2:      layout_basic, basic_altar
D:3:      layout_loops_ring, kennysheep_generic_room_7
D:4:      layout_loops_corners, mainiacjoe_overflow_catwalk, chei_slow_surprise,
          mainiacjoe_overflow_catwalk_spiral, lemuel_tele_altar,
          minmay_temple_entry_arrows, gup_sewer_entry_pipe, serial_forest,
          infiniplex_forest_clump_small, infiniplex_forest_end_2,
          infiniplex_forest_lined_2, infiniplex_forest_lined_ring,
          infiniplex_forest_straight_1, infiniplex_forest_straight_4,
          infiniplex_forest_lined_corner, minmay_stone_trees_medium

Skill      XL: |  1  2  3  4  5 |
---------------+----------------+-----
Stealth        | 5 6 |  6.1
Short Blades   | 3 4 |  4.0
Evocations     | 1 |  1.2
Fighting       | |  2.9
Throwing       | |  2.7
Dodging        | |  1.3
Invocations    | |  0.1

Action                   |  1- 3 |  4- 6 || total
-------------------------+-------+-------++-------
Melee: Dagger            |    96 |   103 ||   199
Throw: Dart              |     2 |    43 ||    45
Invok: Donate Gold       |       |     2 ||     2
       Recite            |       |     1 ||     1
  Use: Scroll            |       |     5 ||     5
 Stab: Sleeping          |    10 |     4 ||    14
Armor: Robe              |    24 |    33 ||    57
Dodge: Dodged            |    52 |    69 ||   121

Table legend: (Time is in decaauts)
 A = Elapsed time spent in this place.
 B = Non-inter-level travel time spent in this place.
 C = Inter-level travel time spent in this place.
 D = Time resting spent in this place.
 E = Time spent auto-exploring this place.
 F = Levels seen in this place.
 G = Mean time per level.
                   A        B        C        D        E       F      G
               +--------+--------+--------+--------+--------+-----+--------+
         Total |   3601 |   3444 |    157 |    699 |   1898 |   4 |  900.2 |
       Dungeon |   3601 |   3444 |    157 |    699 |   1898 |   4 |  900.2 |
               +--------+--------+--------+--------+--------+-----+--------+

Top non-repeatable levels by time:
     D:3: 1466 daAuts
     D:2: 1371 daAuts
     D:1: 671 daAuts
     D:4: 92 daAuts
